[ AOE2 MATCH · #481574441 ]
1v1 RMByzantines vs Berbers
Rival team · WIN
[ REPLAY ANALYSIS · EXTRACTED FROM THE RECORDED GAME ]
Feudal
11:23
Castle
19:41
Imperial
41:15
| APM avg | 24.8 |
| APM peak | 80 |
| eAPM avg | 15.9 |
| Villagers / military | 128 / 220 |
Focus
⚔️ 40.9% · 🌾 59.1%
Skirmisher ×83 · Camel Scout ×45 · Spearman ×28 · Cataphract ×26 · Knight ×18 · Mangonel ×13
Feudal
10:47
Castle
22:52
Imperial
41:19
| APM avg | 40.8 |
| APM peak | 92 |
| eAPM avg | 17.5 |
| Villagers / military | 109 / 296 |
Focus
⚔️ 52.1% · 🌾 47.9%
Spearman ×93 · Hand Cannoneer ×61 · Archer ×52 · Skirmisher ×46 · Scout Cavalry ×22 · Mangonel ×11
Match map
Initial resources + every placement click. Lines = walls · curves = elevation contours. ◆ gold · ⬟ stone · ● berries · ✦ relic · ◌ wall gap
Your base· Open — unwalled flank
cutomuto's base· Open — 5t gap
Smoothed initial terrain · ◌ = detected wall gap · hover for details
Inputs per minute
— Emperor Cuntstantine - - cutomuto
Build order — Emperor Cuntstantine
First 150 of 485 actions detected
| 0:01 | Create | Villager (Male) |
| 0:02 | Create | Villager (Male) |
| 0:02 | Create | Villager (Male) |
| 0:02 | Create | Villager (Male) |
| 0:04 | Build | House |
| 0:06 | Build | House |
| 2:10 | Create | Villager (Male) |
| 2:10 | Create | Villager (Male) |
| 2:11 | Create | Villager (Male) |
| 2:11 | Create | Villager (Male) |
| 2:15 | Build | Lumber Camp |
| 2:26 | Create | Villager (Male) |
| 2:26 | Create | Villager (Male) |
| 3:02 | Create | Villager (Male) |
| 3:02 | Create | Villager (Male) |
| 3:06 | Build | House |
| 3:08 | Build | House |
| 3:27 | Create | Villager (Male) |
| 3:54 | Create | Villager (Male) |
| 3:58 | Create | Villager (Male) |
| 4:54 | Create | Villager (Male) |
| 5:22 | Create | Villager (Male) |
| 5:22 | Create | Villager (Male) |
| 5:42 | Create | Villager (Male) |
| 5:42 | Create | Villager (Male) |
| 5:58 | Create | Villager (Male) |
| 6:28 | Create | Villager (Male) |
| 6:28 | Create | Villager (Male) |
| 6:56 | Create | Villager (Male) |
| 7:01 | Research | Loom |
| 7:23 | Build | Mill |
| 8:04 | Create | Villager (Male) |
| 8:05 | Create | Villager (Male) |
| 8:30 | Build | Mill |
| 8:44 | Build | Mill |
| 9:00 | Build | House |
| 9:13 | Research | Feudal Age |
| 9:44 | Build | Mining Camp |
| 9:52 | Build | Barracks |
| 11:23 | Age | Feudal Age |
| 11:24 | Research | Double-Bit Axe |
| 11:24 | Research | Double-Bit Axe |
| 11:26 | Create | Villager (Male) |
| 11:26 | Create | Villager (Male) |
| 11:31 | Build | Archery Range |
| 12:15 | Create | Villager (Male) |
| 12:15 | Create | Villager (Male) |
| 12:28 | Build | Archery Range |
| 12:53 | Research | Horse Collar |
| 13:06 | Create | Villager (Male) |
| 13:07 | Create | Villager (Male) |
| 13:09 | Build | Farm |
| 13:10 | Build | Farm |
| 13:12 | Build | Farm |
| 13:42 | Build | Market |
| 13:52 | Create | Villager (Male) |
| 14:22 | Build | Blacksmith |
| 14:26 | Build | House |
| 14:28 | Create | Villager (Male) |
| 14:28 | Create | Villager (Male) |
| 14:29 | Create | Villager (Male) |
| 15:10 | Build | Barracks |
| 15:13 | Build | House |
| 15:20 | Build | Farm |
| 15:53 | Build | House |
| 15:54 | Build | House |
| 16:02 | Create | Villager (Male) |
| 16:30 | Create | Villager (Male) |
| 16:44 | Build | Farm |
| 16:46 | Build | Farm |
| 17:01 | Research | Castle Age |
| 17:07 | Build | Watch Tower |
| 17:52 | Build | Watch Tower |
| 18:18 | Build | Stable |
| 19:01 | Build | Stable |
| 19:09 | Build | Farm |
| 19:15 | Build | Farm |
| 19:26 | Research | Scale Barding Armor |
| 19:41 | Age | Castle Age |
| 20:26 | Create | Villager (Male) |
| 20:30 | Build | Town Center |
| 20:36 | Build | Farm |
| 20:38 | Create | Villager (Male) |
| 20:42 | Build | Farm |
| 21:05 | Build | Mining Camp |
| 21:23 | Create | Villager (Male) |
| 21:23 | Create | Villager (Male) |
| 21:23 | Create | Villager (Male) |
| 21:24 | Create | Villager (Male) |
| 21:48 | Create | Spearman |
| 21:48 | Create | Spearman |
| 21:49 | Create | Spearman |
| 21:49 | Create | Spearman |
| 21:49 | Create | Spearman |
| 22:10 | Create | Villager (Male) |
| 22:10 | Create | Villager (Male) |
| 22:29 | Create | Villager (Male) |
| 22:30 | Create | Villager (Male) |
| 22:34 | Build | Farm |
| 22:36 | Build | Farm |
| 22:48 | Build | Farm |
| 23:05 | Build | Town Center |
| 23:11 | Create | Villager (Male) |
| 23:11 | Create | Villager (Male) |
| 23:11 | Create | Villager (Male) |
| 23:12 | Create | Villager (Male) |
| 23:48 | Research | Pikeman (upgrade) |
| 24:01 | Build | Farm |
| 24:01 | Build | Farm |
| 24:01 | Build | Farm |
| 24:02 | Build | Farm |
| 24:03 | Build | Farm |
| 24:12 | Create | Villager (Male) |
| 24:12 | Create | Villager (Male) |
| 24:28 | Build | Farm |
| 24:29 | Build | Farm |
| 24:30 | Build | Farm |
| 25:11 | Build | Siege Workshop |
| 25:24 | Create | Villager (Male) |
| 25:25 | Create | Villager (Male) |
| 25:25 | Create | Villager (Male) |
| 25:25 | Create | Villager (Male) |
| 25:46 | Create | Mangonel |
| 25:46 | Create | Mangonel |
| 26:13 | Research | Fletching |
| 27:06 | Create | Villager (Male) |
| 27:06 | Create | Villager (Male) |
| 27:06 | Create | Villager (Male) |
| 27:06 | Create | Villager (Male) |
| 27:07 | Create | Villager (Male) |
| 27:12 | Create | Villager (Male) |
| 27:12 | Create | Villager (Male) |
| 27:13 | Create | Villager (Male) |
| 27:21 | Build | Farm |
| 27:22 | Build | Farm |
| 27:22 | Build | Farm |
| 27:22 | Build | Farm |
| 27:22 | Build | Farm |
| 27:33 | Create | Villager (Male) |
| 27:33 | Create | Villager (Male) |
| 27:34 | Create | Villager (Male) |
| 27:48 | Build | House |
| 27:49 | Build | House |
| 27:59 | Create | Villager (Male) |
| 27:59 | Create | Villager (Male) |
| 28:00 | Create | Villager (Male) |
| 28:12 | Build | Town Center |
| 28:29 | Build | Farm |
| 28:42 | Research | Wheelbarrow |
| 29:11 | Create | Spearman |
Build order — cutomuto
First 150 of 614 actions detected
| 0:01 | Create | Villager (Male) |
| 0:01 | Create | Villager (Male) |
| 0:04 | Build | House |
| 0:23 | Create | Villager (Male) |
| 0:23 | Create | Villager (Male) |
| 0:24 | Create | Villager (Male) |
| 0:32 | Build | House |
| 1:05 | Build | Lumber Camp |
| 1:31 | Research | Loom |
| 1:31 | Research | Loom |
| 1:43 | Create | Villager (Male) |
| 1:44 | Create | Villager (Male) |
| 2:22 | Build | House |
| 2:23 | Create | Villager (Male) |
| 2:23 | Create | Villager (Male) |
| 2:51 | Create | Villager (Male) |
| 2:51 | Create | Villager (Male) |
| 3:32 | Create | Villager (Male) |
| 4:04 | Create | Villager (Male) |
| 4:04 | Create | Villager (Male) |
| 4:05 | Create | Villager (Male) |
| 4:33 | Create | Villager (Male) |
| 4:33 | Create | Villager (Male) |
| 4:34 | Create | Villager (Male) |
| 5:35 | Create | Villager (Male) |
| 5:35 | Create | Villager (Male) |
| 5:37 | Create | Villager (Male) |
| 5:52 | Create | Villager (Male) |
| 5:52 | Create | Villager (Male) |
| 5:52 | Create | Villager (Male) |
| 5:53 | Create | Villager (Male) |
| 6:21 | Build | House |
| 6:31 | Create | Villager (Male) |
| 6:31 | Create | Villager (Male) |
| 6:37 | Create | Villager (Male) |
| 6:37 | Create | Villager (Male) |
| 6:47 | Create | Villager (Male) |
| 6:48 | Create | Villager (Male) |
| 7:00 | Build | Mill |
| 7:19 | Create | Villager (Male) |
| 7:47 | Build | Mining Camp |
| 8:37 | Research | Feudal Age |
| 8:37 | Research | Feudal Age |
| 8:55 | Build | Barracks |
| 9:05 | Build | Barracks |
| 9:21 | Build | Palisade Wall |
| 9:38 | Build | Palisade Wall |
| 10:10 | Build | Palisade Gate |
| 10:17 | Build | House |
| 10:47 | Age | Feudal Age |
| 10:57 | Build | Palisade Wall |
| 10:59 | Create | Villager (Male) |
| 11:00 | Create | Villager (Male) |
| 11:09 | Create | Villager (Male) |
| 11:49 | Research | Double-Bit Axe |
| 11:49 | Research | Double-Bit Axe |
| 11:49 | Research | Double-Bit Axe |
| 11:59 | Build | Archery Range |
| 12:23 | Build | Palisade Wall |
| 12:38 | Create | Villager (Male) |
| 12:39 | Create | Villager (Male) |
| 12:39 | Create | Villager (Male) |
| 12:52 | Research | Horse Collar |
| 12:52 | Research | Horse Collar |
| 13:15 | Create | Archer |
| 13:15 | Create | Archer |
| 13:15 | Create | Archer |
| 13:15 | Create | Archer |
| 13:15 | Create | Archer |
| 13:15 | Create | Archer |
| 13:50 | Create | Villager (Male) |
| 13:51 | Create | Villager (Male) |
| 13:51 | Create | Villager (Male) |
| 13:57 | Build | Lumber Camp |
| 14:04 | Build | House |
| 14:07 | Create | Archer |
| 14:17 | Create | Spearman |
| 14:35 | Create | Villager (Male) |
| 14:41 | Build | Farm |
| 14:42 | Build | Farm |
| 15:08 | Create | Villager (Male) |
| 15:20 | Create | Villager (Male) |
| 15:25 | Build | Farm |
| 15:26 | Build | Farm |
| 15:30 | Build | Farm |
| 15:31 | Build | Farm |
| 15:34 | Build | Farm |
| 15:43 | Build | House |
| 15:50 | Create | Archer |
| 16:09 | Build | House |
| 16:17 | Build | Farm |
| 16:29 | Create | Archer |
| 16:29 | Create | Archer |
| 16:31 | Create | Spearman |
| 16:32 | Create | Villager (Male) |
| 16:34 | Create | Villager (Male) |
| 17:02 | Create | Archer |
| 17:09 | Build | Market |
| 17:28 | Create | Archer |
| 17:42 | Create | Villager (Male) |
| 17:42 | Create | Villager (Male) |
| 17:50 | Build | Farm |
| 18:06 | Create | Villager (Male) |
| 18:09 | Build | Farm |
| 18:11 | Build | Farm |
| 18:12 | Build | Farm |
| 18:17 | Build | House |
| 18:22 | Create | Archer |
| 18:23 | Create | Archer |
| 19:03 | Build | Blacksmith |
| 20:00 | Create | Spearman |
| 20:12 | Research | Castle Age |
| 20:12 | Research | Castle Age |
| 20:12 | Research | Castle Age |
| 20:13 | Research | Castle Age |
| 20:17 | Build | Farm |
| 20:38 | Build | Palisade Wall |
| 20:53 | Build | Mining Camp |
| 20:55 | Create | Spearman |
| 20:55 | Create | Spearman |
| 20:56 | Create | Archer |
| 20:57 | Create | Archer |
| 20:57 | Create | Archer |
| 21:05 | Research | Fletching |
| 21:09 | Research | Gold Mining |
| 21:09 | Research | Gold Mining |
| 21:09 | Research | Gold Mining |
| 21:10 | Research | Gold Mining |
| 21:17 | Build | House |
| 21:20 | Build | House |
| 21:36 | Build | House |
| 21:37 | Build | House |
| 21:38 | Build | House |
| 21:50 | Build | Palisade Wall |
| 21:56 | Create | Archer |
| 21:58 | Create | Spearman |
| 22:27 | Create | Archer |
| 22:46 | Build | House |
| 22:48 | Build | House |
| 22:52 | Age | Castle Age |
| 22:56 | Research | Crossbowman (upgrade) |
| 22:56 | Research | Crossbowman (upgrade) |
| 22:56 | Research | Crossbowman (upgrade) |
| 23:00 | Research | Pikeman (upgrade) |
| 23:00 | Research | Pikeman (upgrade) |
| 23:00 | Research | Pikeman (upgrade) |
| 23:10 | Build | Town Center |
| 23:18 | Build | House |
| 23:26 | Research | Bodkin Arrow |
| 23:26 | Research | Bodkin Arrow |
Match timeline
| 8:55 | cutomuto · first_building Barracks |
| 9:21 | cutomuto · wall_segment Palisade Wall x8 |
| 9:38 | cutomuto · wall_segment Palisade Wall x19 |
| 9:52 | Emperor Cuntstantine · first_building Barracks |
| 10:47 | cutomuto · age_up feudal |
| 10:57 | cutomuto · wall_segment Palisade Wall x5 |
| 11:23 | Emperor Cuntstantine · age_up feudal |
| 11:31 | Emperor Cuntstantine · first_building Archery Range |
| 11:59 | cutomuto · first_building Archery Range |
| 12:23 | cutomuto · wall_segment Palisade Wall x5 |
| 15:28 | Emperor Cuntstantine · first_market_buy 100 food |
| 16:37 | Emperor Cuntstantine · first_market_sell 100 wood |
| 18:18 | Emperor Cuntstantine · first_building Stable |
| 19:41 | Emperor Cuntstantine · age_up castle |
| 19:48 | cutomuto · first_market_buy 100 food |
| 20:38 | cutomuto · wall_segment Palisade Wall x7 |
| 21:50 | cutomuto · wall_segment Palisade Wall x6 |
| 22:52 | cutomuto · age_up castle |
| 25:10 | cutomuto · first_building Siege Workshop |
| 25:11 | Emperor Cuntstantine · first_building Siege Workshop |
| 33:36 | Emperor Cuntstantine · first_building Castle |
| 35:30 | cutomuto · first_building Monastery |
| 37:21 | cutomuto · first_market_sell 100 wood |
| 39:22 | cutomuto · first_building Castle |
| 41:15 | Emperor Cuntstantine · age_up imperial |
| 41:19 | cutomuto · age_up imperial |
| 42:18 | cutomuto · first_building Stable |
| 52:13 | Emperor Cuntstantine · resign |
[ AI ANALYSIS · 1 CREDIT ]
What really happened in this match?
Wolo.gg analyzes every decision: build order, eco, micro, common mistakes by bracket. Personalized analysis on WhatsApp or Discord in 30 seconds.
Civ guide
Byzantines
Map guide
Arabia
Perfil
Emperor Cuntstantine